 Dungeon Crawl Stone Soup version 0.25.0-37-gb73750e0fb (webtiles) character file.

Game seed: 2277476570634878509

107 Surreaal the Twirler (level 4, -12/27 HPs)
             Began as a Gargoyle Gladiator on July 8, 2020.
             Was an Initiate of Nemelex Xobeh.
             Killed from afar by an orc wizard (14 damage)
             ... with a puff of frost
             ... on level 3 of the Dungeon.
             The game lasted 00:13:50 (1505 turns).

Surreaal the Twirler (Gargoyle Gladiator)           Turns: 1505, Time: 00:13:51

Health: -12/27     AC: 13    Str: 18    XL:     4   Next: 85%
Magic:  4/4        EV:  8    Int:  9    God:    Nemelex Xobeh [......]
Gold:   40         SH:  0    Dex: 11    Spells: 3/3 levels left

rFire    . . .     SeeInvis .   a - +0 quarterstaff
rCold    . . .     Gourm    .   (shield currently unavailable)
rNeg     + . .     Faith    .   o - +0 chain mail
rPois    ∞         Spirit   .   c - +0 helmet
rElec    +         Reflect  .   (no cloak)
rCorr    .         Harm     .   (no gloves)
MR       .....                  (no boots)
Stlth    ..........             (no amulet)
HPRegen  0.09/turn              (no ring)
MPRegen  0.09/turn              (no ring)

@: slowed, very slow
A: negative energy resistance 1, electricity resistance, unbreathing,
petrification resistance, rot immunity, AC +3
a: Draw Escape, Draw Destruction, Draw Summoning, Renounce Religion


You were on level 3 of the Dungeon.
You worshipped Nemelex Xobeh.
Nemelex Xobeh was noncommittal.
You were not hungry.

You visited 1 branch of the dungeon, and saw 3 of its levels.

You collected 40 gold pieces.

Inventory:

Hand Weapons
 a - a +0 quarterstaff (weapon)
 e - a +0 spear
 k - a +0 dagger
Missiles
 d - 3 throwing nets (quivered)
Armour
 b - a +0 leather armour
 c - a +0 helmet (worn)
 l - a +0 scale mail
 o - a +0 chain mail (worn)
Scrolls
 i - a scroll of magic mapping {unknown}
 m - a scroll of teleportation {unknown}
 n - a scroll of fog {unknown}
 q - a scroll of identify {unknown}
Potions
 g - a potion of heal wounds {unknown}
 h - a potion of invisibility {unknown}
 j - a potion of brilliance {unknown}
 p - 2 potions of curing
Comestibles
 f - 3 rations


   Skills:
 + Level 2.6 Fighting
 + Level 4.4 Staves
 + Level 1.7 Throwing
 + Level 1.4 Armour
 + Level 2.8 Dodging
 + Level 1.0 Stealth


You had 3 spell levels left.
You didn't know any spells.
Your spell library contained the following spells:

 Spells                   Type           Power        Failure   Level  Hunger
 Animate Skeleton         Necr           N/A          99%         1    ##.....
 Pain                     Necr           #...         99%         1    ##.....
 Corpse Rot               Necr/Air       N/A          100%        2    ###....
 Vampiric Draining        Necr           #.........   100%        3    ####...


Dungeon Overview and Level Annotations

Branches:
Dungeon (3/15)

Altars:
Kikubaaqudgha
Nemelex Xobeh


Innate Abilities, Weirdness & Mutations

You are resistant to torment.
Your stone body is resilient. (AC +3)
You are immune to poison.
You resist negative energy. (rN+)
You are resistant to electric shocks. (rElec)
You can survive without breathing.
You are immune to petrification.
You are immune to rotting.


Message History

There is an open door here.
The orc wizard gestures wildly while chanting.
The orc wizard blinks!
The orc hits you from afar with a +0 trident.
* * * LOW HITPOINT WARNING * * *
You closely miss something.
The orc is no longer moving slowly.
The orc barely misses you. Something hits you but does no damage.
The orc hits you but does no damage.
You miss something. Something hits you but does no damage.
The orc barely misses you. Something hits you but does no damage.
The orc hits you but does no damage.
The orc wizard casts a spell.
The orc wizard seems to speed up.
Something hits you but does no damage. Something hits you but does no damage.
The orc hits you but does no damage.
You hear some strange, mumbled words.
A puff of frost appears from out of thin air!
The puff of frost hits you!
Ouch! That really hurt!
You die...
Your body disappears without a glow.

#.# #...... #.# #.#####
####### #.# #.# #.....#
#.###### #.# #.....#
#.##...# #.###
#.....#####.##...# #...#
#.....'..##.##...###.#####
#.....#.....w.............
#.....#>.@{.o..o.......)..
####..#..#...o##.....#####
#.##..#.....o.....###
#.....#.....#...)...#
#####.#....)#.......#
#.#)....#.......#
####+#.<...#.(.....#
#.......##.#.......#
#.......'..#.......#


You could see a worm, an orc wizard (fast) and 3 orcs.

Vanquished Creatures
  A crimson imp (D:3)
  2 adders
  A worm (D:2)
  A dart slug (D:1)
  2 orcs
  A bat zombie (D:3)
  3 giant cockroaches
  7 goblins
  5 hobgoblins
  A quokka (D:2)
  2 ball pythons
  6 bats
  4 frilled lizards
  A hobgoblin zombie (D:3)
  5 kobolds
  9 rats
51 creatures vanquished.

Notes
Turn   | Place    | Note
-------+----------+-------------------------------------------
     0 | D:1      | Surreaal the Gargoyle Gladiator began the quest for the
                  | Orb.
     0 | D:1      | Reached XP level 1. HP: 12/12 MP: 1/1
   388 | D:1      | Reached XP level 2. HP: 5/18 MP: 2/2
   557 | D:2      | Found a faded altar of an unknown god.
   566 | D:2      | Became a worshipper of Kikubaaqudgha
   566 | D:2      | Reached * piety under Kikubaaqudgha
   566 | D:2      | Identified Kikubaaqudgha's Papyrus of Dark Magic
                  | (Kikubaaqudgha gifted it to you on level 2 of the Dungeon)
   566 | D:2      | Received a gift from Kikubaaqudgha
   807 | D:2      | Reached XP level 3. HP: 18/22 MP: 3/3
   956 | D:2      | Reached ** piety under Kikubaaqudgha
   959 | D:2      | Reached skill level 4 in Staves
  1051 | D:2      | Found a sparkling altar of Nemelex Xobeh.
  1059 | D:2      | Fell from the grace of Kikubaaqudgha
  1059 | D:2      | Became a worshipper of Nemelex Xobeh the Trickster
  1082 | D:2      | Received a gift from Nemelex Xobeh
  1272 | D:3      | Reached skill level 1 in Armour
  1275 | D:3      | Reached XP level 4. HP: 23/27 MP: 4/4
  1297 | D:3      | Reached skill level 1 in Stealth
  1498 | D:3      | HP: 1/27 [orc/+0 trident (2)]
  1505 | D:3      | Killed from afar by an orc wizard

Illustrated notes

Levels and vault maps discovered:
D:1:      tarquinn_simple_flora_water_d, layout_basic, patterned_corridor
D:2:      layout_loops_ring, lemuel_crystal_altar,
          chequers_ecumenical_altar_simple, first_ration
D:3:      layout_basic

Skill      XL: |  1  2  3  4 |
---------------+-------------+-----
Staves         | 4 |  4.4
Armour         | 1 |  1.4
Stealth        | 1 |  1.0
Fighting       | |  2.6
Throwing       | |  1.7
Dodging        | |  2.8

Action                   |  1- 3 |  4- 6 || total
-------------------------+-------+-------++-------
Melee: Quarterstaff      |   134 |    49 ||   183
Invok: Draw Destruction  |       |     3 ||     3
       Draw Escape       |       |     1 ||     1
       Draw Summoning    |       |     1 ||     1
  Eat: Ration            |     1 |       ||     1
Armor: Leather armour    |    26 |       ||    26
       Chain mail        |    85 |   143 ||   228
Dodge: Dodged            |   110 |    97 ||   207
